Match 37339849
Unlisted

Match 37339849
End
Construct Section Command Post
Vickers Machine Gun Team
Dingo Light Scout Car
Infantry Section
Infantry Section
Construct Platoon Command Post
Selects Air and Sea Battlegroup
Selects Supply Surplus
Construct Field Infirmary
Forward Retreat Point
Construct Company Command Post
Foot Guards Section
Foot Guards Section
Selects Centaur Medium Tank
Matilda II Heavy Tank
Infantry Training
Unlock M3 Grant Medium Tanks
Selects Assault Flares
Assault Flares
Selects Commando Section Paradrop
Selects M1 Pack Howitzer Paradrop
Assault Flares
[CH]ppsH42
NO.2
papa smurf
YangXYZ
atank
Cheeki Bяeeki
Starsilver
Voodoo408
0
0

Comments sign in to comment!

No comments posted yet!